 Dungeon Crawl Stone Soup version 0.31-a0-963-ga325b2283a (webtiles) character file.

Game seed: 3405980468866395550

3830 croobank the Covert (level 9, -9/80 (81) HPs)
             Began as a Yellow Draconian Delver on Oct 25, 2023.
             Was a Believer of Ashenzari.
             Mangled by an unseen horror simulacrum (16 damage)
             ... on level 8 of the Dungeon.
             The game lasted 00:29:43 (8609 turns).

croobank the Covert (Yellow Draconian Delver)       Turns: 8609, Time: 00:29:44

HP:   -9/80 (81)    AC:  7    Str: 15    XL:     9   Next: 97%
MP:   9/9           EV: 15    Int: 13    God:    Ashenzari [**....]
Gold: 140           SH:  0    Dex: 14    Spells: 8/8 levels left

rFire   . . .        d - +6 trident (drain)
rCold   . . .        (no shield)
rNeg    + . .        (body armour unavailable)
rPois   .            (helmet restricted)
rElec   .            r - scarf of the Omniscient Comet {shadows, Comp, Alch} (curse)
rCorr   +            (no gloves)
SInv    +            (no boots)
Will    .....        k - amulet "Tethered Together" {Regen+, Cun, Bglg} (curse)
Stlth   ++++         E - ring of the Manifest Gnosis {rN+, Comp, Fort} (curse)
HPRegen 1.13/turn    (no ring)
MPRegen 0.11/turn

%: no passive effects
@: slowed, lightly drained, very slow
A: spit acid, AC +7, unfitting armour, cold-blooded, acid resistance
a: Breathe Acid, Renounce Religion, Shatter the Chains


You were on level 8 of the Dungeon.
You worshipped Ashenzari.
Ashenzari was pleased with you.
You visited 2 branches of the dungeon, and saw 9 of its levels.

You collected 420 gold pieces.
You spent 280 gold pieces at shops.

Inventory:

Hand Weapons
 a - a +2 long sword
 d - a +6 trident of draining (weapon)
 j - the +4 dagger "Hikh" {freeze, Fly rElec Will- Int+6}
   (You took it off a kobold brigand on level 6 of the Dungeon)

   Int+6:     It affects your intelligence (+6).
   rElec:     It insulates you from electricity.
   Will-:     It decreases your willpower.
   Fly:       It grants you flight.
 p - a +2 scimitar
 t - a +2 short sword of venom
 v - a +2 antimagic falchion
 G - a +5 dire flail of freezing
 H - a +4 spear
 J - a +3 short sword
Missiles
 i - 2 boomerangs
 s - 12 poisoned darts
 w - 2 atropa-tipped darts (quivered)
 y - a throwing net
Armour
 e - an orb of mayhem
 r - the cursed scarf of the Omniscient Comet (worn) {shadows, Comp, Alch}
   (You found it on level 1 of the Dungeon)

   It has a curse which improves the following skills: Companions: Summonings
   and Necromancy.
   Alchemy:   Poison Magic and Transmutations.
 C - a +0 kite shield
Magical Staves
 h - a staff of conjuration
Jewellery
 k - the cursed amulet "Tethered Together" (around neck) {Regen+, Cun, Bglg}
   (You found it on level 3 of the Dungeon)

   [amulet of regeneration]

   Regen+:    It increases your rate of health regeneration.
   It has a curse which improves the following skills: Cunning: Dodging and
   Stealth.
   Beguiling: Conjurations, Hexes and Translocations.
 E - the cursed ring of the Manifest Gnosis (left hand) {rN+, Comp, Fort}
   (You bought it in a shop on level 4 of the Dungeon)

   [ring of positive energy]

   rN+:       It protects you from negative energy.
   It has a curse which improves the following skills: Companions: Summonings
   and Necromancy.
   Fortitude: Shields.
Talismans
 x - a flux talisman
Wands
 f - a wand of digging (3)
 B - a wand of iceblast (16)
Scrolls
 b - 4 scrolls of fog
 c - a scroll of revelation
 m - 4 scrolls of teleportation
 q - 2 scrolls of silence
 F - a scroll of poison
 I - 2 scrolls of vulnerability
Potions
 g - a potion of lignification
 l - 3 potions of curing
 n - 2 potions of enlightenment
 o - 6 potions of attraction
 u - 3 potions of haste
 z - a potion of cancellation
 A - a potion of brilliance
 D - a potion of invisibility


   Skills:
 + Level 7.9 Fighting
 - Level 6.1 Short Blades
 * Level 4.0 Polearms
 + Level 6.2(7.3) Dodging
 + Level 8.0(9.2) Stealth
 * Level 4.8(6.0) Shields


You had 8 spell levels left.
You didn't know any spells.
Your spell library contained the following spells:

 Spells                   Type           Power      Damage    Failure   Level
 Sting                    Tmut/Pois      0%         1d3       30%         1
 Cigotuvi's Dreadful Rot  Necr/Pois/Air  0%         N/A       41%         2
 Ignite Poison            Fire/Tmut/Pois 0%         N/A       67%         3
 Vhi's Electric Charge    Tloc/Air       0%         N/A       97%         4
 Arcjolt                  Conj/Air       0%         1d10      100%        5
 Freezing Cloud           Conj/Ice/Air   0%         6-21      100%        5
 Plasma Beam              Fire/Air       0%         2x1d10    100%        6


Dungeon Overview and Level Annotations

Branches:
Dungeon (8/15)             Temple (1/1) D:6
   Lair: D:8-11

Altars:
Ashenzari
Cheibriados
Dithmenos
Elyvilon
Gozag
Hepliaklqana
Kikubaaqudgha
Makhleb
Nemelex Xobeh
Qazlal
Ru
Sif Muna
Trog
Vehumet
Wu Jian
Xom
The Shining One

Shops:
D:4 =

Annotations:
D:4 1 runed translucent door, Crazy Yiuf
D:6 1 runed translucent door, jujuben's ghost, novice TeHW
D:8 1 transporter, Jadoobi's ghost, journeyman MiBe


Innate Abilities, Weirdness & Mutations

You can spit globs of acid.
Your golden yellow scales are hard. (AC +7)
You cannot fit into any form of body armour.
You are cold-blooded and may be slowed by cold attacks.
You are resistant to acid. (rCorr)


Message History

The wight is almost destroyed.
The wight hits you from afar with a +0 trident.
You partially resist.
You feel drained.
You reach to attack!
You puncture the wight!
You destroy the wight!
No target in view!
You now have 140 gold pieces (gained 20).
Things that are here:
a +4 battleaxe; 3 stones; a +0 robe
Things that are here:
a +0 trident; a +0 robe You open the door.
There is an open door here.
An unseen horror simulacrum comes into view.
You reach to attack!
The helpless unseen horror simulacrum fails to defend itself.
You puncture the unseen horror simulacrum!
The unseen horror simulacrum is moderately damaged.
The unseen horror simulacrum hits you.
The unseen horror simulacrum freezes you!
You feel yourself slow down.
The unseen horror simulacrum closely misses you.
You puncture the unseen horror simulacrum!
The unseen horror simulacrum is severely damaged.
The unseen horror simulacrum hits you.
The unseen horror simulacrum freezes you!!
You feel as though you will be slow longer.
The unseen horror simulacrum hits you.
The unseen horror simulacrum freezes you!
* * * LOW HITPOINT WARNING * * *
The unseen horror simulacrum hits you.
* * * LOW HITPOINT WARNING * * *
The unseen horror simulacrum freezes you!
* * * LOW HITPOINT WARNING * * *
The unseen horror simulacrum barely misses you.
The unseen horror simulacrum hits you.
* * * LOW HITPOINT WARNING * * *
The unseen horror simulacrum freezes you!
You feel as though you will be slow longer.
You die...

##### #####...## #..#.....##
..........#### ###
.........#...### ..##
.........#..#.#. #.#####
~...........#.#. #.'...#
~~~.........###Z###.###.#
~.~..........###@..## #.###
~~..........##.########...#
..................#.......#
###...........##..#.......##
###.......#####...#........#
........### ##.......#.....#
........# ###......<.####..#
##......###.#..........#..##
#.......##......).........##


You could see an unseen horror simulacrum.

Vanquished Creatures
  Jeremiah (D:6)
  A wyvern (D:7)
  2 steam dragons
  5 water moccasins
  Menkaure (D:4)
  An orc warrior (D:6)
  A sky beast (D:7)
  3 centaurs
  A phantom (D:4)
  A kobold brigand (D:6)
  A bullfrog (D:6)
  A scorpion (D:7)
  13 wights
  4 howler monkeys
  7 jellies
  A gnoll bouda (D:4)
  4 hounds
  3 orc priests
  2 sleepcaps (D:4)
  2 iguanas (D:6)
  3 orc wizards
  8 gnolls
  2 river rats (D:3)
  5 adders
  3 shadow imps
  2 white imps
  2 ufetubi (D:6)
  4 worms
  A dart slug (D:1)
  22 orcs
  5 ball pythons
  4 endoplasms
  2 giant cockroaches (D:3)
  6 goblins
  4 hobgoblins
  3 quokkas
  6 bats
  4 frilled lizards
  13 kobolds
  3 rats
157 creatures vanquished.

Vanquished Creatures (others)
  A water moccasin (D:6)
  An orc wizard (D:3)
2 creatures vanquished.

Grand Total: 159 creatures vanquished

Notes
Turn   | Place    | Note
-------+----------+-------------------------------------------
     0 | D:5      | croobank the Draconian Delver began the quest for the Orb.
     0 | D:5      | Reached XP level 1. HP: 19/19 MP: 1/1
     1 | D:6      | Noticed an orc warrior
     1 | D:6      | Noticed an orc wizard
    64 | D:5      | Found a stormy altar of Qazlal.
   109 | D:5      | Noticed a hound
   126 | D:5      | Killed a hound
   127 | D:5      | Reached XP level 2. HP: 9/27 MP: 2/2
   127 | D:5      | Reached XP level 3. HP: 12/33 MP: 3/3
   222 | D:6      | Noticed Jeremiah
   222 | D:6      | Noticed a water moccasin
   420 | D:3      | Reached XP level 4. HP: 26/40 MP: 4/4
   562 | D:3      | Reached skill level 5 in Stealth
  1296 | D:1      | Reached XP level 5. HP: 45/46 MP: 5/5
  1456 | D:1      | Found a faded altar of an unknown god.
  2876 | D:3      | Found an ancient bone altar of Kikubaaqudgha.
  2882 | D:3      | Found a shimmering blue altar of Sif Muna.
  2884 | D:3      | Found a radiant altar of Vehumet.
  2889 | D:3      | Got Sif Muna's Secrets of Forms
  3393 | D:4      | Noticed a phantom
  3416 | D:4      | Killed a phantom
  3417 | D:4      | Reached XP level 6. HP: 44/53 MP: 6/6
  3479 | D:4      | Noticed Menkaure
  3581 | D:4      | Killed Menkaure
  3582 | D:4      | Reached skill level 5 in Fighting
  3663 | D:4      | Found Repaoh's Jewellery Boutique.
  4067 | D:4      | Found a runed translucent door.
  4068 | D:4      | Noticed Crazy Yiuf
  4217 | D:4      | Your scales start taking on a golden yellow colour.
  4217 | D:4      | Reached XP level 7. HP: 32/61 MP: 7/7
  4217 | D:4      | Gained mutation: You are resistant to acid. (rCorr) [Yellow
                  | Draconian growth]
  4915 | D:5      | Reached skill level 6 in Stealth
  5453 | D:6      | Found a staircase to the Ecumenical Temple.
  5467 | Temple   | Entered the Ecumenical Temple
  5609 | Temple   | Became a worshipper of Ashenzari the Shackled
  5677 | D:6      | Killed Jeremiah
  5678 | D:6      | Reached skill level 5 in Short Blades
  5678 | D:6      | Reached XP level 8. HP: 43/70 MP: 8/8
  5698 | D:6      | Identified the +4 dagger "Hikh" {freeze, Fly rElec Will-
                  | Int+6}
  5734 | D:6      | Found a runed translucent door.
  5817 | D:6      | Reached skill level 5 in Dodging
  5817 | D:6      | Reached skill level 7 in Stealth
  5895 | D:6      | Reached skill level 1 in Shields
  6342 | D:6      | Reached XP level 9. HP: 16/79 MP: 9/9
  6467 | D:6      | Found an ornate altar of the Wu Jian Council.
  6807 | D:6      | Found a shadowy altar of Dithmenos.
  6808 | D:6      | Found a hazy altar of Hepliaklqana.
  6856 | D:6      | Noticed jujuben's ghost (novice TeHW)
  7004 | D:4      | Bought a ring of positive energy for 280 gold pieces
  7188 | D:7      | Reached * piety under Ashenzari
  7218 | D:7      | Reached skill level 1 in Polearms
  7628 | D:7      | Found a bloodstained altar of Trog.
  7732 | D:7      | Found a sparkling altar of Nemelex Xobeh.
  7981 | D:7      | Reached ** piety under Ashenzari
  8168 | D:8      | Found a transporter.
  8170 | D:8      | Identified the +7 dire flail "Niuc" {freeze, rF+++ Str+6
                  | Int-5}
  8183 | D:8      | Noticed Jadoobi's ghost (journeyman MiBe)
  8527 | D:8      | Reached skill level 8 in Stealth
  8609 | D:8      | Mangled by an unseen horror simulacrum

Illustrated notes

Levels and vault maps discovered:
D:1:      orjb1_lava_funnel, layout_basic, basic_ecumenical_altar
D:2:      layout_loops_ring
D:3:      layout_loops_ring, grunt_temple_overflow_magic_moments,
          gup_sewer_entry_bowl, minmay_fractal_squares_5
D:4:      layout_basic, serial_shops, nicolae_shop_gaudy_bauble,
          minmay_door_square, uniq_crazy_yiuf_cottage, uniq_menkaure
D:5:      layout_basic, kennysheep_little_box
D:6:      layout_rooms, riverfiend_overflow_shadow_ancestor,
          mainiacjoe_overflow_concentric_impassable, minmay_temple_entry_trees,
          ebering_ghost_reflecting_pool, uniq_jeremiah
D:7:      layout_loops_corners, nicolae_overflow_hidden_temple,
          mainiacjoe_overflow_24_doors, mainiacjoe_overflow_six_doors_small,
          serial_park_tiny_pond, st_stairs_2, kennysheep_generic_room_10
D:8:      layout_cave_pools, gammafunk_ghost_smash, serial_shops,
          nicolae_shop_behind_doors, ldierk_geyser, kennysheep_just_a_vault
Temple:   nicolae_temple_godpark

Skill      XL: |  1  2  3  4  5  6  7  8  9 |
---------------+----------------------------+-----
Dodging        | 2 3 4 5 6 |  6.2
Fighting       | 4 5 6 7 |  7.9
Stealth        | 5 6 7 8 |  8.0
Short Blades   | 3 4 5 6 |  6.1
Shields        | 2 4 |  4.8
Polearms       | 4 |  4.0

Action                     |  1- 3 |  4- 6 |  7- 9 || total
---------------------------+-------+-------+-------++-------
  Melee: Short sword       |    37 |   402 |   139 ||   578
         Tailslap          |     2 |    51 |    39 ||    92
         Punch             |       |     3 |     6 ||     9
         Dagger            |       |       |    65 ||    65
         Trident           |       |       |   177 ||   177
  Throw: Boomerang         |       |     3 |     5 ||     8
 Invoke: Curse Item        |       |       |     3 ||     3
Ability: Breathe Acid      |       |       |    23 ||    23
    Use: Scroll            |       |     1 |    16 ||    17
         Potion            |       |     1 |     6 ||     7
   Stab: Sleeping          |     2 |    17 |     9 ||    28
         Distracted        |       |       |     2 ||     2
 Armour: Skin              |    24 |   170 |   253 ||   447
  Dodge: Dodged            |    33 |   166 |   266 ||   465

Table legend: (Time is in decaauts)
 A = Elapsed time spent in this place.
 B = Non-inter-level travel time spent in this place.
 C = Inter-level travel time spent in this place.
 D = Time resting spent in this place.
 E = Time spent auto-exploring this place.
 F = Levels seen in this place.
 G = Mean time per level.
                   A        B        C        D        E       F      G
               +--------+--------+--------+--------+--------+-----+--------+
         Total |   8510 |   8038 |    472 |   1803 |   4359 |   9 |  945.6 |
       Dungeon |   8360 |   7903 |    457 |   1686 |   4359 |   8 | 1045.0 |
        Temple |    150 |    135 |     15 |    117 |      0 |   1 |  150.0 |
               +--------+--------+--------+--------+--------+-----+--------+

Top non-repeatable levels by time:
     D:4: 1788 daAuts
     D:6: 1212 daAuts
     D:7: 1165 daAuts
     D:3: 1016 daAuts
     D:1: 969 daAuts
     D:5: 961 daAuts
     D:2: 744 daAuts
     D:8: 502 daAuts
  Temple: 150 daAuts
